 Dungeon Crawl Stone Soup version 0.30-a0-756-gc2185399d4 (webtiles) character file.

Game seed: 16944234327672618154

2521 mopl the Covert (level 9, -2/45 HPs)
             Began as a Vine Stalker Brigand on Feb 9, 2023.
             Was a Follower of Dithmenos.
             Engulfed by a cloud of steam (4 damage)
             ... on level 7 of the Dungeon.
             The game lasted 00:07:41 (5581 turns).

mopl the Covert (Vine Stalker Brigand)              Turns: 5581, Time: 00:07:41

Health: -2/45      AC:  6    Str: 15    XL:     9   Next: 54%
Magic:  0/12       EV: 16    Int: 11    God:    Dithmenos [*.....]
Gold:   439        SH:  0    Dex: 19    Spells: 8/8 levels left

rFire   . . .      SeeInvis .    a - +1 dagger (flame)
rCold   . . .      Faith    .    (no shield)
rNeg    . . .      Spirit   +    b - +0 robe
rPois   +          Reflect  .    x - +2 hat
rElec   .          Harm     .    c - +0 cloak
rCorr   .          Rampage  .    (no gloves)
Will    +....                    n - +0 pair of boots
Stlth   +++++                    o - amulet of the acrobat
HPRegen 1.07/turn                p - +5 ring of evasion
MPRegen 0.13/turn                z - ring of poison resistance

@: wreathed by umbra
A: fangs 3, regeneration 1, magic shield, antimagic bite, no potion heal 2
a: Renounce Religion


You were on level 7 of the Dungeon.
You worshipped Dithmenos.
Dithmenos was aware of your devotion.
You visited 2 branches of the dungeon, and saw 8 of its levels.

You collected 439 gold pieces.

Inventory:

Hand Weapons
 a - a +1 dagger of flaming (weapon)
 l - a +2 dagger
Missiles
 d - 16 poisoned darts (quivered)
 e - 3 curare-tipped darts
 q - 5 silver javelins
 E - a boomerang of dispersal
Armour
 b - a +0 robe (worn)
 c - a +0 cloak (worn)
 n - a +0 pair of boots (worn)
 x - a +2 hat (worn)
Jewellery
 o - an amulet of the acrobat (around neck)
 p - a +5 ring of evasion (left hand)
 r - a ring of positive energy
 s - a ring of positive energy
 z - a ring of poison resistance (right hand)
 F - a ring of protection from fire
Wands
 A - a wand of quicksilver (4)
 G - a wand of mindburst (14)
Scrolls
 f - a scroll of acquirement {unknown}
 g - a scroll of blinking {unknown}
 j - 2 scrolls of teleportation {unknown}
 k - a scroll of noise {unknown}
 t - 5 scrolls of poison {unknown}
 v - a scroll of fear {unknown}
 y - a scroll of immolation {unknown}
 C - 2 scrolls of enchant armour {unknown}
Potions
 h - 2 potions of heal wounds
 i - 3 potions of curing
 m - 3 potions of might
 u - 2 potions of lignification {!q}
 w - 2 potions of invisibility
 B - 2 potions of flight
 D - a potion of haste


   Skills:
 + Level 4.0 Fighting
 * Level 6.6 Short Blades
 + Level 5.4 Throwing
 - Level 0.7 Dodging
 + Level 8.8 Stealth
 + Level 3.4 Invocations
 + Level 3.2 Evocations


You had 8 spell levels left.
You didn't know any spells.
Your spell library contained the following spells:

 Spells                   Type           Power      Damage    Failure   Level
 Lesser Beckoning         Tloc           0%         N/A       47%         2
 Gell's Gravitas          Tloc           0%         N/A       71%         3
 Teleport Other           Tloc           0%         N/A       71%         3


Dungeon Overview and Level Annotations

Branches:
Dungeon (7/15)             Temple (1/1) D:5

Altars:
Cheibriados
Dithmenos
Gozag
Qazlal
Uskayaw
Vehumet
Wu Jian
Yredelemnul
Zin


Innate Abilities, Weirdness & Mutations

You have razor-sharp teeth.
Your natural rate of healing is unusually fast.
When hurt, damage is shared between your health and your magic reserves.
Your bite disrupts and absorbs the magic of your enemies.
Potions cannot restore your health.


Message History

You are engulfed in a cloud of scalding steam.
* * * LOW HITPOINT WARNING * * *
The steam dragon misses you. The steam dragon claws you.
* * * LOW HITPOINT WARNING * * *
You barely miss the steam dragon. You bite the steam dragon.
You drain its power.
You feel invigorated.
The steam dragon is heavily wounded.
You are engulfed in a cloud of scalding steam.
* * * LOW HITPOINT WARNING * * *
You closely miss the steam dragon. Your bite misses the steam dragon.
The steam dragon is heavily wounded.
You are engulfed in a cloud of scalding steam.
* * * LOW HITPOINT WARNING * * *
The steam dragon closely misses you. The steam dragon claws you.
You hit the steam dragon but do no damage.
The steam dragon is heavily wounded.
The steam dragon misses you. The steam dragon claws you.
* * * LOW HITPOINT WARNING * * *
You closely miss the steam dragon. You bite the steam dragon.
You drain its power.
You feel invigorated.
The steam dragon is heavily wounded.
You barely miss the steam dragon. You bite the steam dragon!
You drain its power.
You feel invigorated.
The steam dragon is severely wounded.
The steam dragon breathes steam at you. The ball of steam hits you!
* * * LOW HITPOINT WARNING * * *
Aiming: Quicksilver Bolt
Press: ? - help, Shift-Dir - straight line, f - steam dragon
Aim: a steam dragon (severely wounded, catching its breath, umbra, 74% to hit)
The bolt of dispelling energy hits the steam dragon!!
You kill the steam dragon!
Dithmenos accepts your kill.
The steam dragon scales are intact enough to wear.
The bolt of dispelling energy hits the gnoll!!
You kill the gnoll!
Dithmenos accepts your kill.
The bolt of dispelling energy misses the gnoll.
You are engulfed in a cloud of scalding steam.
You die...

###'###'#####z##
#..........##).##
#..........###..###
#..........####...##
#..................#
#..§................
#.................##
###§#####.........#
#@# #....###### #[#
###### #)# #g)#
##... ##... .g...
####


You could see a gnoll.

Vanquished Creatures
  A steam dragon (D:7)
  2 orc warriors
  A sky beast (D:6)
  3 black bears
  2 ice beasts
  2 ogres (D:4)
  A centaur (D:6)
  2 phantoms (D:6)
  A bullfrog (D:7)
  2 necrophages
  4 scorpions
  5 wights
  5 howler monkeys
  A gnoll bouda (D:7)
  3 hounds
  4 orc priests
  3 iguanas
  6 gnolls
  2 adders
  2 white imps
  2 ufetubi (D:6)
  3 worms
  4 dart slugs
  12 orcs
  5 bats
  7 endoplasms
  4 giant cockroaches (D:1)
  9 hobgoblins
  9 jackals
  3 quokkas
  3 ball pythons (D:4)
  4 frilled lizards
  9 goblins
  9 kobolds
  4 rats
139 creatures vanquished.

Vanquished Creatures (others)
  A plant (D:3)
1 creature vanquished.

Grand Total: 140 creatures vanquished

Notes
Turn   | Place    | Note
-------+----------+-------------------------------------------
     0 | D:1      | mopl the Vine Stalker Brigand began the quest for the Orb.
     0 | D:1      | Reached XP level 1. HP: 11/11 MP: 2/2
    56 | D:1      | Reached skill level 5 in Stealth
    90 | D:1      | Reached skill level 2 in Short Blades
    90 | D:1      | Reached skill level 2 in Throwing
    92 | D:1      | Reached XP level 2. HP: 12/15 MP: 3/3
   195 | D:1      | Reached XP level 3. HP: 9/18 MP: 1/4
   764 | D:2      | Found a faded altar of an unknown god.
   860 | D:2      | Gained mutation: Your natural rate of healing is unusually
                  | fast. [Vine Stalker growth]
   860 | D:2      | Reached XP level 4. HP: 23/23 MP: 5/5
  2006 | D:4      | Reached skill level 3 in Short Blades
  2006 | D:4      | Reached skill level 3 in Throwing
  2006 | D:4      | Reached skill level 6 in Stealth
  2006 | D:4      | Reached XP level 5. HP: 26/26 MP: 6/6
  2008 | D:4      | Found a glowing silver altar of Zin.
  2310 | D:4      | Noticed an ogre
  2315 | D:4      | Noticed an ogre
  2325 | D:4      | Killed an ogre
  2326 | D:4      | Reached XP level 6. HP: 28/30 MP: 7/7
  2330 | D:4      | Reached skill level 7 in Stealth
  2922 | D:5      | Entered Level 5 of the Dungeon
  2923 | D:5      | Noticed an orc warrior
  2964 | D:4      | Killed an orc warrior
  2965 | D:4      | Reached skill level 2 in Fighting
  2965 | D:4      | Reached skill level 4 in Short Blades
  2965 | D:4      | Reached skill level 4 in Throwing
  2965 | D:4      | Reached XP level 7. HP: 14/35 MP: 1/8
  3337 | D:5      | Found a staircase to the Ecumenical Temple.
  3347 | Temple   | Entered the Ecumenical Temple
  3390 | Temple   | Became a worshipper of Dithmenos the Shadowed
  3884 | D:5      | Reached skill level 1 in Invocations
  4224 | D:6      | Reached skill level 1 in Evocations
  4243 | D:6      | Gained mutation: You have razor-sharp teeth. [Vine Stalker
                  | growth]
  4243 | D:6      | Reached XP level 8. HP: 39/39 MP: 7/9
  4312 | D:6      | Reached skill level 5 in Short Blades
  4416 | D:6      | Reached skill level 3 in Fighting
  4485 | D:6      | Reached skill level 2 in Invocations
  4647 | D:6      | Reached skill level 8 in Stealth
  4651 | D:6      | Reached skill level 2 in Evocations
  4776 | D:6      | Reached * piety under Dithmenos
  4811 | D:6      | Reached skill level 5 in Throwing
  4824 | D:6      | Reached skill level 6 in Short Blades
  4824 | D:6      | Reached XP level 9. HP: 44/44 MP: 10/12
  5005 | D:7      | Reached skill level 3 in Invocations
  5160 | D:7      | Found an ornate altar of the Wu Jian Council.
  5166 | D:7      | Reached skill level 3 in Evocations
  5203 | D:7      | Found a stormy altar of Qazlal.
  5203 | D:7      | Found a snail-covered altar of Cheibriados.
  5428 | D:7      | Reached skill level 4 in Fighting
  5580 | D:7      | HP: 2/45 [steam dragon/ball of steam (7)]
  5581 | D:7      | Engulfed by a cloud of steam

Illustrated notes

Levels and vault maps discovered:
D:1:      evilmike_arrival_fibonacci_small, layout_basic
D:2:      layout_basic, ebering_ecumenical_altar_box
D:3:      layout_basic, serial_glass, glass_columns_c, glass_columns_a,
          serial_bayou_pond_c
D:4:      layout_basic, lemuel_round_altar
D:5:      layout_layer_cave, temple_fountains, columned_hall_lemuel,
          hangedman_decor_diamond_cutter
D:6:      layout_basic
D:7:      layout_basic, mainiacjoe_overflow_six_doors_small,
          lemuel_coloured_pillars_altar, nicolae_overflow_two_pavilions
Temple:   nicolae_temple_bog_church

Skill      XL: |  1  2  3  4  5  6  7  8  9 |
---------------+----------------------------+-----
Stealth        | 5 6 7 8 |  8.8
Short Blades   | 2 3 4 6 |  6.6
Throwing       | 2 3 4 5 |  5.4
Fighting       | 2 3 4 |  4.0
Invocations    | 1 2 3 |  3.4
Evocations     | 1 2 3 |  3.2
Dodging        | |  0.7

Action                     |  1- 3 |  4- 6 |  7- 9 || total
---------------------------+-------+-------+-------++-------
  Melee: Dagger            |   114 |   108 |   302 ||   524
         Bite              |    33 |    36 |    96 ||   165
         Punch             |     2 |     1 |     7 ||    10
  Throw: Dart              |       |     4 |     3 ||     7
  Evoke: Wand              |       |     2 |     2 ||     4
    Use: Scroll            |       |       |     8 ||     8
   Stab: Sleeping          |    10 |     9 |    20 ||    39
 Armour: Robe              |    21 |    14 |    46 ||    81
  Dodge: Dodged            |    51 |   102 |   203 ||   356

Table legend: (Time is in decaauts)
 A = Elapsed time spent in this place.
 B = Non-inter-level travel time spent in this place.
 C = Inter-level travel time spent in this place.
 D = Time resting spent in this place.
 E = Time spent auto-exploring this place.
 F = Levels seen in this place.
 G = Mean time per level.
                   A        B        C        D        E       F      G
               +--------+--------+--------+--------+--------+-----+--------+
         Total |   5475 |   5197 |    278 |    117 |   3979 |   8 |  684.4 |
       Dungeon |   5422 |   5171 |    251 |    117 |   3957 |   7 |  774.6 |
        Temple |     53 |     26 |     27 |      0 |     22 |   1 |   53.0 |
               +--------+--------+--------+--------+--------+-----+--------+

Top non-repeatable levels by time:
     D:5: 1125 daAuts
     D:4: 1008 daAuts
     D:3: 865 daAuts
     D:6: 778 daAuts
     D:2: 612 daAuts
     D:7: 520 daAuts
     D:1: 512 daAuts
  Temple: 53 daAuts
